 Dungeon Crawl Stone Soup version 0.27.1-33-g824d729ab1 (webtiles) character file.

Game seed: 4050919778139719370

32 Descartes the Shooter (level 3, 0/20 HPs)
             Began as a Deep Elf Wanderer on Dec 10, 2021.
             Was a Believer of Ru.
             Slain by a gnoll (3 damage)
             ... on level 2 of the Dungeon.
             The game lasted 00:03:53 (1530 turns).

Descartes the Shooter (Deep Elf Wanderer)           Turns: 1530, Time: 00:03:53

Health: 0/20       AC:  7    Str: 10    XL:     3   Next: 10%
Magic:  9/9        EV: 10    Int: 18    God:    Ru [**....]
Gold:   60         SH:  0    Dex: 12    Spells: 8/8 levels left

rFire    . . .     SeeInvis .   a - +2 dagger
rCold    . . .     Faith    .   (no shield)
rNeg     . . .     Spirit   .   e - +0 ring mail
rPois    .         Reflect  .   (no helmet)
rElec    .         Harm     .   j - +0 cloak
rCorr    .         Rampage  .   (no gloves)
Will     .....                  i - +0 pair of boots
Stlth    ++........             (no amulet)
HPRegen  0.06/turn              (no ring)
MPRegen  0.11/turn              (no ring)

@: no status effects
A: inability to use devices
a: Renounce Religion


You were on level 2 of the Dungeon.
You worshipped Ru.
Ru was pleased with you.
You visited 1 branch of the dungeon, and saw 2 of its levels.

You collected 60 gold pieces.

Inventory:

Hand Weapons
 a - a +2 dagger (weapon)
 c - a +0 shortbow
Missiles
 d - 22 arrows
 g - 15 poisoned darts (quivered)
 h - 31 stones
 l - 33 sling bullets
Armour
 e - a +0 ring mail (worn)
 i - a +0 pair of boots (worn)
 j - a +0 cloak (worn)
Scrolls
 b - a scroll of fear
Potions
 f - a potion of resistance {unknown}
 k - a potion of curing {unknown}


   Skills:
 - Level 1.5 Fighting
 + Level 1.2 Short Blades
 + Level 3.2 Bows
 - Level 1.0 Armour
 + Level 1.4 Dodging
 + Level 3.2 Stealth
 - Level 3.0 Spellcasting
 - Level 1.1 Ice Magic


You had 8 spell levels left.
You didn't know any spells.
Your spell library was empty.

Dungeon Overview and Level Annotations

Branches:
Dungeon (2/15)

Altars:
Ru


Innate Abilities, Weirdness & Mutations

You cannot study or use magical devices.


Message History

You barely miss the gnoll. The gnoll misses you.
You hit the gnoll.
The gnoll is lightly wounded.
The gnoll hits you with a +0 club.
You focus your inner power and illuminate the gnoll in retribution!
You hit the gnoll.
The gnoll is moderately wounded.
The gnoll hits you but does no damage. x2; The gnoll throws a throwing net.
The throwing net barely misses you.
You hit the gnoll.
The gnoll is heavily wounded.
The gnoll hits you with a +0 flail. The gnoll hits you but does no damage.
The gnoll closely misses you.
You hit the gnoll.
The gnoll is heavily wounded.
The gnoll hits you with a +0 flail. The gnoll barely misses you.
The gnoll closely misses you. The gnoll hits you but does no damage.
You hit the gnoll but do no damage.
The gnoll is heavily wounded.
The gnoll closely misses you. The gnoll hits you with a +0 club.
The gnoll hits you with a +0 flail.
* * * LOW HITPOINT WARNING * * *
The gnoll closely misses you.
You are too injured to fight recklessly!
You are too injured to fight recklessly!
You are too injured to fight recklessly!
You are too injured to fight recklessly!
You are too injured to fight recklessly!
You are too injured to fight recklessly!
You are too injured to fight recklessly!
You are too injured to fight recklessly!
You are too injured to fight recklessly!
You are too injured to fight recklessly!
You are too injured to fight recklessly!
You are too injured to fight recklessly!
The gnoll hits you with a +0 flail.
* * * LOW HITPOINT WARNING * * *
You focus your inner power and blind the gnoll in retribution!
The gnoll barely misses you. The gnoll hits you with a +0 club.
You die...

#.. ..
##..##.#.# ##
......#.#...
.....#.#.#
........ ..(..#
...####....#
#.....<...#
#.####@.###
#gg# #gg#
.......J....#
...#.#.........
. .............
..............#
####.#..###.###
#!#..# .#


You could see 4 gnolls and an endoplasm.

Vanquished Creatures
  2 ball pythons (D:1)
  A bat (D:1)
  An endoplasm (D:1)
  3 giant cockroaches (D:1)
  7 hobgoblins (D:1)
  2 jackals (D:1)
  A kobold (D:1)
  2 quokkas (D:1)
  A frilled lizard (D:1)
  3 goblins (D:1)
  2 rats (D:1)
25 creatures vanquished.

Vanquished Creatures (others)
  A jackal (D:1)
  A kobold (D:1)
2 creatures vanquished.

Grand Total: 27 creatures vanquished

Notes
Turn   | Place    | Note
-------+----------+-------------------------------------------
     0 | D:1      | Descartes the Deep Elf Wanderer began the quest for the
                  | Orb.
     0 | D:1      | Descartes set off with the following items: a +2 dagger, a
                  | scroll of fear, a +0 shortbow, 22 arrows, a +0 ring mail
     0 | D:1      | Reached XP level 1. HP: 12/12 MP: 6/6
   365 | D:1      | Reached XP level 2. HP: 6/16 MP: 8/8
   652 | D:1      | Reached skill level 1 in Dodging
   780 | D:1      | Found a faded altar of an unknown god.
   810 | D:1      | Became a worshipper of Ru the Awakened
   836 | D:1      | Gained mutation: You cannot study or use magical devices.
                  | [Ru sacrifice]
   836 | D:1      | Reached * piety under Ru
   836 | D:1      | Reached ** piety under Ru
   873 | D:1      | Reached skill level 1 in Short Blades
  1190 | D:1      | Reached XP level 3. HP: 20/20 MP: 9/9
  1530 | D:2      | Slain by a gnoll

Illustrated notes

Levels and vault maps discovered:
D:1:      minmay_arrival_four_loops, layout_loops_ring,
          hellmonk_ecumenical_altar_crossroads
D:2:      layout_basic, kennysheep_generic_room_4

Skill      XL: |  1  2 |
---------------+-------+-----
Bows           | 3 |  3.2
Dodging        | 1 |  1.4
Stealth        | 3 |  3.2
Short Blades   | 1 |  1.2
Fighting       | |  1.5
Armour         | |  1.0
Spellcasting   | |  3.0
Ice Magic      | |  1.1

Action                   || total
-------------------------++-------
Melee: Dagger            ||   106
Invok: Sacrifice Artific ||     1
 Stab: Sleeping          ||     2
Armor: Ring mail         ||    43
Dodge: Dodged            ||    55
